 Dungeon Crawl Stone Soup version 0.28.0-43-g3370ac3207 (webtiles) character file.

Game seed: 16152862461519091395

1519 vvl the Stinger (level 8, 0/100 HPs)
             Began as a White Draconian Venom Mage on Mar 17, 2022.
             Was an Initiate of Hepliaklqana.
             Succumbed to a gnoll's poison
             ... on level 6 of the Dungeon.
             The game lasted 00:13:00 (7530 turns).

vvl the Stinger (White Draconian Venom Mage)        Turns: 7530, Time: 00:13:01

Health: 0/100      AC:  6    Str: 10    XL:     8   Next: 54%
Magic:  4/14       EV: 13    Int: 18    God:    Hepliaklqana [......]
Gold:   184        SH:  0    Dex: 12    Spells: 11/16 levels left

rFire   . . .      SeeInvis .   h - +2 short sword (venom)
rCold   + . .      Faith    .   (no shield)
rNeg    . . .      Spirit   .   (armour unavailable)
rPois   .          Reflect  .   (helmet restricted)
rElec   .          Harm     .   (no cloak)
rCorr   .          Rampage  .   (no gloves)
Will    .....                   (no boots)
Stlth   ..........              (no amulet)
HPRegen 0.26/turn               f - ring of wizardry
MPRegen 0.14/turn               (no ring)

@: berserking, lethally poisoned (0 -> -10), short of breath, very quick
A: breathe frost, AC +6, unfitting armour, cold resistance 1, cold-blooded
a: Breathe Frost, Renounce Religion


You were on level 6 of the Dungeon.
You worshipped Hepliaklqana.
Hepliaklqana was noncommittal.
You visited 2 branches of the dungeon, and saw 7 of its levels.

You collected 184 gold pieces.

Inventory:

Hand Weapons
 h - a +2 short sword of venom (weapon)
 l - a +0 flail of draining
 m - a +0 whip of venom
 w - a +0 dagger of holy wrath
Jewellery
 f - a ring of wizardry (left hand)
 k - a ring of ice
 s - an amulet of faith
 x - a ring of magical power
 z - a ring of resist corrosion
 A - a +6 ring of intelligence
Wands
 g - a wand of polymorph (11)
Scrolls
 a - 3 scrolls of amnesia {unknown}
 d - 2 scrolls of vulnerability {unknown}
 e - 3 scrolls of teleportation {unknown}
 i - 2 scrolls of identify {unknown}
 o - 2 scrolls of summoning {unknown}
 q - a scroll of magic mapping {unknown}
 r - a scroll of blinking {unknown}
 v - a scroll of torment {unknown}
 y - 2 scrolls of immolation {unknown}
 B - a scroll of enchant weapon {unknown}
Potions
 b - a potion of heal wounds {unknown}
 c - a potion of brilliance {unknown}
 j - a potion of resistance {unknown}
 n - a potion of berserk rage
 p - a potion of degeneration {unknown}
 t - a potion of magic {unknown}
 u - a potion of haste {unknown}
 C - a potion of curing {unknown}
 D - a potion of lignification {unknown}


   Skills:
 + Level 4.9 Fighting
 + Level 4.3 Dodging
 - Level 2.0 Stealth
 + Level 4.5 Spellcasting
 + Level 2.2 Summonings
 - Level 4.0 Transmutations
 + Level 3.3 Ice Magic
 + Level 5.3 Poison Magic


You had 11 spell levels left.
You knew the following spells:

 Your Spells              Type           Power      Damage    Failure   Level
a - Sting                 Tmut/Pois      80%        1d7       1%          1
b - Olgreb's Toxic Radia  Pois           23%        N/A       6%          4

Your spell library contained the following spells:

 Spells                   Type           Power      Damage    Failure   Level
 Poisonous Vapours        Pois/Air       26%        N/A       2%          2
 Call Imp                 Summ           12%        N/A       3%          2
 Frozen Ramparts          Ice            32%        1d5       4%          3
 Magic Dart               Conj           16%        1d3       6%          1
 Mephitic Cloud           Conj/Pois/Air  10%        N/A       9%          3
 Ice Form                 Ice/Tmut       17%        N/A       12%         4
 Summon Ice Beast         Ice/Summ       14%        N/A       17%         4


Dungeon Overview and Level Annotations

Branches:
Dungeon (6/15)             Temple (1/1) D:5

Altars:
Elyvilon
Fedhas
Hepliaklqana
Makhleb
Nemelex Xobeh
Okawaru
Qazlal
Ru
Sif Muna
Uskayaw
Wu Jian
Yredelemnul

Annotations:
D:3 1 runed translucent door


Innate Abilities, Weirdness & Mutations

You can breathe waves of freezing cold which knock back foes.
Your icy white scales are hard. (AC +6)
You cannot fit into any form of body armour.
Your flesh is cold resistant. (rC+)
You are cold-blooded and may be slowed by cold attacks.


Message History

Press: ? - help, Shift-Dir - straight line, f/p - water moccasin
Aim: a water moccasin (moderately wounded, very poisoned, 48% to hit)
You exhale a wave of freezing cold.
The freezing breath misses the water moccasin.
The freezing breath hits the gnoll!
You kill the gnoll!
The freezing breath hits the gnoll.
The gnoll is heavily wounded.
The gnoll is blown backwards by the freezing wind.
You feel sick.
The water moccasin completely misses you.
It was a potion of berserk rage.
A red film seems to cover your vision as you go berserk!
You feel yourself moving faster!
You feel mighty!
You feel sick. The water moccasin bites you.
* * * LOW HITPOINT WARNING * * *
You are lethally poisoned!
The water moccasin poisons you! The water moccasin barely misses you.
Unknown command.
You puncture the water moccasin! You tail-slap the water moccasin!
You kill the water moccasin!
* * * LOW HITPOINT WARNING * * *
You feel very sick.
* * * LOW HITPOINT WARNING * * *
You feel sick.
You closely miss the gnoll.
The gnoll is heavily wounded.
* * * LOW HITPOINT WARNING * * *
You feel sick. The gnoll hits you but does no damage.
You are more poisoned.
You puncture the gnoll!
You kill the gnoll!
* * * LOW HITPOINT WARNING * * *
You feel very sick.
* * * LOW HITPOINT WARNING * * *
You feel sick.
Items here: $ )))) †.
You are too berserk!
You feel a strong urge to attack something.
You die...

#.....†..#######
#...............
##..............
#..............
#.......######
#.......# #......)#
#.......# ##+####@#
#.# ##'######## ..
#.........# #.
#.........# #.
#.........#
######.##.........#
........#.........#
........#.........#


There were no monsters in sight!

Vanquished Creatures
  Sigmund (D:2)
  A water moccasin (D:6)
  An ogre (D:4)
  A phantom (D:5)
  4 scorpions
  2 bullfrogs (D:6)
  A wyvern zombie (D:5)
  2 jellies
  A gnoll shaman (D:6)
  A human zombie (D:3)
  2 orc priests
  3 hounds
  3 iguanas
  Natasha (D:2)
  2 orc wizards
  A hound skeleton (D:4)
  5 gnolls
  A howler monkey skeleton (D:4)
  4 adders
  A shadow imp (D:5)
  An adder skeleton (D:2)
  A worm (D:2)
  6 dart slugs
  11 orcs
  9 bats
  12 endoplasms
  4 giant cockroaches
  10 goblins
  7 hobgoblins
  8 jackals
  4 quokkas
  10 ball pythons
  7 frilled lizards
  A jackal zombie (D:3)
  9 kobolds
  14 rats
152 creatures vanquished.

Notes
Turn   | Place    | Note
-------+----------+-------------------------------------------
     0 | D:1      | vvl the Draconian Venom Mage began the quest for the Orb.
     0 | D:1      | Reached XP level 1. HP: 14/14 MP: 3/3
   374 | D:1      | Reached XP level 2. HP: 22/22 MP: 1/5
   712 | D:1      | Reached skill level 1 in Fighting
   910 | D:1      | Reached XP level 3. HP: 28/28 MP: 4/6
  1762 | D:2      | Found a faded altar of an unknown god.
  2066 | D:2      | Reached XP level 4. HP: 36/36 MP: 5/7
  2227 | D:2      | Noticed Sigmund
  2242 | D:2      | Killed Sigmund
  2243 | D:2      | Reached XP level 5. HP: 24/42 MP: 0/9
  2711 | D:2      | Noticed Natasha
  2721 | D:2      | Killed Natasha
  2802 | D:2      | Reached XP level 6. HP: 28/46 MP: 5/10
  3845 | D:3      | Reached skill level 4 in Poison Magic
  4301 | D:3      | Found a burning altar of Makhleb.
  4362 | D:3      | Found a runed translucent door.
  4362 | D:3      | Noticed a human
  4453 | D:3      | Found a basalt altar of Yredelemnul.
  5095 | D:4      | Your scales start taking on an icy white colour.
  5095 | D:4      | Reached XP level 7. HP: 51/57 MP: 12/12
  5095 | D:4      | Gained mutation: Your flesh is cold resistant. (rC+) [White
                  | Draconian growth]
  5100 | D:4      | Learned a level 4 spell: Olgreb's Toxic Radiance
  5156 | D:4      | Reached skill level 1 in Ice Magic
  6109 | D:5      | Entered Level 5 of the Dungeon
  6392 | D:5      | Reached skill level 1 in Summonings
  6392 | D:5      | Reached XP level 8. HP: 40/66 MP: 14/14
  6603 | D:5      | Found a staircase to the Ecumenical Temple.
  6611 | Temple   | Entered the Ecumenical Temple
  6662 | Temple   | Became a worshipper of Hepliaklqana the Forgotten
  7054 | D:5      | Reached skill level 5 in Poison Magic
  7528 | D:6      | HP: 4/100 [poisoned by a gnoll]
  7530 | D:6      | Succumbed to a gnoll's poison

Illustrated notes

Levels and vault maps discovered:
D:1:      minmay_arrival_solitary_statue, layout_loops_ring,
          minmay_rat_gold_closets
D:2:      minmay_razor_zed, layout_basic, ebering_ecumenical_altar_abandoned,
          uniq_natasha, uniq_sigmund
D:3:      layout_basic, nicolae_overflow_hidden_temple, dk_yredelemnul_ordeal
D:4:      layout_loops_ring, minmay_misc_feat_tiny
D:5:      layout_loops_ring, minmay_temple_entry_proselytizer,
          dk_rats_in_the_wall
D:6:      layout_basic, amethyst_killhole
Temple:   regret_index_temple_waves

Skill      XL: |  1  2  3  4  5  6  7  8 |
---------------+-------------------------+-----
Stealth        | 2 |  2.0
Dodging        | 2 3 4 |  4.3
Fighting       | 1 2 3 4 |  4.9
Spellcasting   | 3 4 |  4.5
Transmutations | 2 3 4 |  4.0
Poison Magic   | 4 5 |  5.3
Ice Magic      | 2 3 |  3.3
Summonings     | 1 2 |  2.2

Action                   |  1- 3 |  4- 6 |  7- 9 || total
-------------------------+-------+-------+-------++-------
Melee: Unarmed           |    91 |     8 |       ||    99
       Tailslap          |     9 |    19 |    21 ||    49
       Scythe            |       |    50 |       ||    50
       Whip              |       |    91 |       ||    91
       Short sword       |       |    19 |   143 ||   162
       Punch             |       |     1 |     3 ||     4
 Cast: Sting             |    77 |    71 |    26 ||   174
       Olgreb's Toxic Ra |       |       |     3 ||     3
 Abil: Breathe Frost     |       |       |     4 ||     4
  Use: Potion            |       |       |     1 ||     1
 Stab: Sleeping          |       |     3 |     2 ||     5
Armor: Skin              |    38 |    87 |    53 ||   178
Dodge: Dodged            |    88 |   135 |   107 ||   330
